[Event "*** Titled Tuesday Blitz"]
[Site "Chess.com"]
[Date "2021.02.09"]
[Round "7"]
[White "zurzan"]
[Black "chesslh19"]
[Result "0-1"]
[WhiteElo "2001"]
[BlackElo "2230"]
[TimeControl "180+1"]
[EndTime "11:19:44 PST"]
[Termination "chesslh19 won by resignation"]

1. c4 e6 2. Nc3 d5 3. cxd5 exd5 4. d4 Nf6 5. g3 c6 6. Bg2 Bd6 7. Nf3 O-O 8. O-O Bg4 9. h3 Bxf3 10. Bxf3 Nbd7 11. Qc2 Re8 12. Be3 Bxg3 13. fxg3 Rxe3 14.
Qd2 Re8 15. Rae1 Qe7 16. e4 dxe4 17. Nxe4 Nxe4 18. Rxe4 Qd6 19. Rxe8+ Rxe8 20. Kg2 Nf6 21. Rf2 Rd8 22. Qa5 Qxd4 23. Qc7 Qd7 24. Qa5 b6 25. Qc3 c5 26. b4 Qd4 27. Qa3 Qxb4 28. Qxa7 Rf8 29. a3 Qa5 30. Qc7 Qxa3 31. Qxb6 Qb4 32.
Qd6 Qd4 33. Qc7 Ne4 34. Rc2 Qd6 35. Qxd6 Nxd6 36. Rxc5 g6 37. Rc7 Kg7 38. h4 Nf5 39. Kh3 Nd4 40. Bd5 Nf5 41. g4 Nd6 42. Rd7 Ne8 43. h5 Nf6 44. Rd6 Nxd5 45. Rxd5 f6 46. hxg6 hxg6 47. Kg3 Rf7 48. Ra5 Re7 49. Ra6 Rd7 50.
Ra5 Kf7 51. Rb5 Rd3+ 52. Kf4 Rd4+ 53. Kg3 Rd6 54. Ra5 Re6 55. Kf4 Kg7 56. Ra7+ Kh6 57.
Ra5 Rb6 58. Kg3 Rb3+ 59. Kf4 Rb4+ 60. Kg3 Rd4 61. Rb5 Re4 62. Ra5 Re5 63. Ra6 Kg5 64.
Ra4 Re3+ 65. Kf2 Re6 66. Kg3 Re5 67. Kf3 Rc5 68. Kg3 Rc3+ 69. Kg2 Kh4 70. Rf4 Rg3+ 71. Kh2 Rxg4 72. Rxf6 Kg5 73. Rf8 Rf4 74. Kg3 Rxf8 0-1

[Event "*** Titled Tuesday Blitz"]
[Site "Chess.com"]
[Date "2021.02.09"]
[Round "7"]
[White "Taktikmonster"]
[Black "eCztery"]
[Result "1/2-1/2"]
[WhiteElo "2282"]
[BlackElo "2449"]
[TimeControl "180+1"]
[EndTime "11:19:48 PST"]
[Termination "Game drawn - insufficient material"]

1. e4 c5 2. Nf3 g6 3. d4 cxd4 4. Nxd4 Nc6 5. Nc3 Bg7 6. Be3 Nf6 7. Bc4 O-O 8. Bb3 Ng4 9. Qxg4 Nxd4 10. Qd1 Nc6 11.
O-O d6 12. f4 Be6 13. f5 Bxb3 14. axb3 a6 15. Nd5 Bxb2 16. Rb1 Bg7 17. Bb6 Qd7 18.
f6 exf6 19. Nxf6+ Bxf6 20. Rxf6 Qe7 21. Rxd6 Qxe4 22. Rd7 Rae8 23. Bc5 Ne5 24. Rd4 Qe3+ 25. Kh1 Ng4 26. Rxg4 Qxc5 27. Rc4 Qf2 28. Qf1 Qxf1+ 29.
Rxf1 Rc8 30. Rxc8 Rxc8 31. Rf2 f5 32. Kg1 Kf7 33. Kf1 Ke6 34. Rd2 g5 35. Ke2 h5 36.
c4 b5 37. Ra2 Rc6 38. Kd3 bxc4+ 39. bxc4 f4 40. Re2+ Kf5 41. Kd4 g4 42. Kd5 Rc8 43.
Re5+ Kg6 44. Re6+ Kg5 45. Re5+ Kh4 46. c5 g3 47. hxg3+ Kxg3 48. Rg5+ Kf2 49. c6 h4 50.
Kd6 a5 51. Kd7 Rf8 52. c7 a4 53. c8=Q Rxc8 54. Kxc8 a3 55. Rg4 Ke3 56. Rxh4 a2 57. Rh1 Kf2 58. Ra1 Kxg2 59. Rxa2+ Kg3 60. Kd7 f3 61. Ke6 f2 62. Ra1 Kg2 63. Kf5 f1=Q+ 64.
Rxf1 Kxf1 1/2-1/2

[Event "*** Titled Tuesday Blitz"]
[Site "Chess.com"]
[Date "2021.02.09"]
[Round "7"]
[White "Klavdia_Nik"]
[Black "canary2016"]
[Result "1-0"]
[WhiteElo "2064"]
[BlackElo "1978"]
[TimeControl "180+1"]
[EndTime "11:19:52 PST"]
[Termination "Klavdia_Nik won on time"]

1. Nf3 d5 2. c4 c6 3. b3 Nf6 4. Bb2 Bf5 5. g3 e6 6. Bg2 Be7 7. O-O O-O 8. d3 Nbd7 9. Nbd2 Rc8 10. Re1 Bg6 11. h3 Bd6 12. a3 e5 13. Nh4 e4 14. Nxg6 hxg6 15. dxe4 dxe4 16. Nxe4 Nxe4 17. Bxe4 Nf6 18. Bg2 Qe7 19. b4 Rcd8 20. Qc2 Rfe8 21.
Rad1 Bc7 22. e4 Be5 23. Bxe5 Qxe5 24. f4 Qc7 25. e5 Nh5 26. Kh2 Rxd1 27. Rxd1 g5 28.
Qf5 Nxg3 29. Kxg3 gxf4+ 30. Qxf4 Rxe5 31. Kh2 Qe7 32. Rd2 g5 33. Qd4 Qe6 34. Rf2 Kg7 35. Qg4 Kg8 36. Qxe6 Rxe6 37. Rf3 Kg7 38. Kg3 Re2 39. Rd3 Rb2 40. Be4 Ra2 41. Kg4 Ra1 42.
Kxg5 Rg1+ 43. Kf4 Rf1+ 44. Bf3 Rb1 45. Bg4 Rb2 46. Ke5 Ra2 47. Kd6 Rb2 48. Kc7 b5 49. cxb5 cxb5 50. Kc6 a5 51. Kxb5 axb4 52. axb4 Rb1 53.
Rf3 f6 54. Kc5 Rb2 55. b5 Rb1 56. b6 Rb2 57. Kc6 Rb1 58. Kb7 Rb4 59. Kc7 Kg6 60. b7 Kg5 61. b8=Q Rc4+ 62. Kd6 Rd4+ 63. Kc5 Rd5+ 64. Kxd5 f5 65. Qg8+ Kh4 66. Qh7+ 1-0

[Event "*** Titled Tuesday Blitz"]
[Site "Chess.com"]
[Date "2021.02.09"]
[Round "7"]
[White "Jungle_Jaguar"]
[Black "ShahMatKanal"]
[Result "1-0"]
[WhiteElo "2650"]
[BlackElo "2475"]
[TimeControl "180+1"]
[EndTime "11:19:54 PST"]
[Termination "Jungle_Jaguar won on time"]

1. b3 d6 2. Bb2 e5 3. d4 Nc6 4. e3 g6 5. Bb5 Bd7 6. Nf3 Bg7 7. O-O Nge7 8. dxe5 Nxe5 9. Bxd7+ Qxd7 10. Nxe5 Bxe5 11.
Qc1 O-O 12. Rd1 Qg4 13. Nd2 Nc6 14. Nf3 Bxb2 15. Qxb2 Rfe8 16. Rd5 Re7 17. Rad1 Rae8 18. Rg5 Qe4 19. Rg3 Ne5 20. Ng5 Qc6 21. Rd4 a5 22. h4 b5 23. h5 b4 24. Ne4 Nd7 25. h6 f6 26. Rc4 Qxc4 27. Nxf6+ Nxf6 28. bxc4 Ne4 29. Rg4 Nc3 30. a3 c5 31. axb4 axb4 32. Qa1 Re6 33. Qa7 R6e7 34. Qb6 Ne4 35. Qc6 Kf7 36.
Rf4+ Kg8 37. Qd5+ Kh8 38. g3 Nc3 39. Qxd6 Ne2+ 40. Kg2 Nxf4+ 41. gxf4 Rf7 42. Qxc5 Ref8 43. Qxb4 g5 44. Qc3+ Kg8 45. Qe5 gxf4 46. exf4 Rf6 47. Kf3 Rg6 48. c5 Rxh6 49. Qd5+ Kg7 50. c6 Rhf6 51. c7 Rxf4+ 52. Kg3 R4f7 53. Qe5+ Kg8 54.
Qe6 Kg7 55. c8=Q Rf3+ 56. Kh4 R8f4+ 57. Qg4+ Kh6 58. Qxf4+ Rxf4+ 59. Kg3 Rf6 60. Qh3+ 1-0

[Event "*** Titled Tuesday Blitz"]
[Site "Chess.com"]
[Date "2021.02.09"]
[Round "7"]
[White "tylityli"]
[Black "Orest_Vovk"]
[Result "0-1"]
[WhiteElo "2282"]
[BlackElo "2414"]
[TimeControl "180+1"]
[EndTime "11:19:54 PST"]
[Termination "Orest_Vovk won on time"]

1. d4 d5 2. c4 e5 3. dxe5 d4 4. Nf3 Nc6 5. a3 Nge7 6. e3 Nf5 7. e4 Nh4 8. Bf4 Nxf3+ 9. Qxf3 Be6 10. Bd3 a5 11. Nd2 Bc5 12. O-O O-O 13. Bg3 Qg5 14. h4 Qxd2 15. Bf4 Qxb2 16. Rab1 Qxa3 17. Ra1 Qxd3 18.
Qxd3 Nb4 19. Qg3 Bxc4 20. Rfc1 b5 21. Bh6 g6 22. e6 Bb6 23. Bxf8 Kxf8 24. exf7 Bxf7 25.
Qe5 Kg8 26. Qxb5 d3 27. Rd1 Rd8 28. Rab1 Ba2 29. Rb2 Be6 30. Qe5 Bf7 31. Rbd2 Bd4 32.
Qxc7 Re8 33. Qxa5 Bc3 34. Rxd3 Nxd3 35. Qxc3 Nf4 36. Qf6 Ne6 37. e5 Rf8 38. Qe7 Ng7 39. Rd7 Nf5 40. Qg5 Ng7 41. Qg3 Nf5 42. Qc3 Be6 43.
Rd6 Rc8 44. Qd3 Kf7 45. Rd8 Rc1+ 46. Kh2 Ne7 47. Rd7 Rc4 48. Rxe7+ Kxe7 49. Qf3 Rxh4+ 50. Kg3 Rh5 51. Qf6+ Kd7 52. Kf3 Rf5+ 53. Qxf5 Bxf5 54. g4 Be6 55. Kf4 Ke7 56. Kg5 Kf7 57. f4 Kg8 58. f5 Bf7 59. e6 Be8 60. Kf6 Kf8 61. e7+ Kg8 62. Kg5 Kg7 63. f6+ Kf7 64. Kh6 Kxf6 65.
Kxh7 Kxe7 66. Kh6 Kf6 0-1

[Event "*** Titled Tuesday Blitz"]
[Site "Chess.com"]
[Date "2021.02.09"]
[Round "7"]
[White "dropstoneDP"]
[Black "Rsnr"]
[Result "0-1"]
[WhiteElo "2956"]
[BlackElo "2776"]
[TimeControl "180+1"]
[EndTime "11:19:58 PST"]
[Termination "Rsnr won by resignation"]

1. e4 c6 2. d4 d5 3. e5 Bf5 4. Bd3 Bxd3 5. Qxd3 e6 6. Ne2 c5 7. c3 Nc6 8. Nd2 Nge7 9. Nf3 Nf5 10. O-O Be7 11. g4 Nh6 12. h3 Ng8 13. Ng3 Qb6 14.
dxc5 Bxc5 15. a4 Qa6 16. Qd1 Bb6 17. b3 Bc7 18. Re1 Nge7 19. Nh5 O-O 20. Ba3 Rfe8 21. Nf4 Ng6 22. Nxg6 hxg6 23. Kg2 b5 24. Bc5 bxa4 25. Rxa4 Qb7 26. Bd4 a5 27. Qc2 Rab8 28. Ra3 Bb6 29. Qd2 Rec8 30. Rea1 Qc7 31. Qe3 Nxd4 32. cxd4 Qc3 33.
R1a2 Qxe3 34. fxe3 Rc3 35. Kf2 Bd8 36. Nd2 Bg5 37.
Nf1 Rbxb3 38. Rxb3 Rxb3 39. Rxa5 Bh4+ 40. Ke2 Rb2+ 41. Nd2 f6 42. Ra8+ Kf7 43. Ra7+ Kf8 44. Ra6 Kf7 45. Ra7+ Kf8 46. Kd3 Bg3 47. Ra8+ Kf7 48.
Ra7+ Kf8 49. exf6 gxf6 50. Ra8+ Kf7 51. Ra7+ Kf8 52. e4 Be1 53. Nf3 dxe4+ 54. Kxe4 Bg3 55.
Ra8+ Kf7 56. Ra7+ Kf8 57. h4 Re2+ 58. Kd3 Rf2 59. Ke3 Rb2 60. Ra8+ Kf7 61. Ra7+ Kf8 62. g5 fxg5 63. Nxg5 Bxh4 64. Nxe6+ Ke8 65. d5 Bf2+ 66.
Ke4 Bxa7 67. Nf4 Rb4+ 68. Ke5 Bb8+ 69. d6 Bxd6+ 70. Kxd6 Rxf4 0-1

[Event "*** Titled Tuesday Blitz"]
[Site "Chess.com"]
[Date "2021.02.09"]
[Round "7"]
[White "Vamostodorecto"]
[Black "Ajedrez_con_German"]
[Result "0-1"]
[WhiteElo "2412"]
[BlackElo "2585"]
[TimeControl "180+1"]
[EndTime "11:19:59 PST"]
[Termination "Ajedrez_con_German won by resignation"]

1. d4 g6 2. c4 Bg7 3. e4 d6 4.
Be2 c5 5. d5 e6 6. Nc3 Ne7 7. Nf3 O-O 8. O-O Na6 9. Bg5 h6 10. Be3 exd5 11. cxd5 Bg4 12. Qd2 Bxf3 13. Bxf3 Kh7 14. Be2 Nc7 15. f4 b5 16. Nxb5 Nxb5 17. Bxb5 Rb8 18. a4 a6 19. Bxa6 Rxb2 20. Qe1 Rb3 21.
Bf2 Rb2 22. Rd1 Rxf2 23. Qxf2 Qa5 24. Bb5 Nc8 25. e5 Na7 26. Bd7 dxe5 27. f5 Qc7 28. Bb5 Nxb5 29. axb5 Rd8 30. fxg6+ fxg6 31. Qf7 Rd7 32.
Qe6 Qd8 33. d6 e4 34. Rf7 Rxf7 35. Qxf7 e3 36. d7 e2 37. Re1 Qg5 38. Rxe2 Qc1+ 39.
Kf2 Qd1 40. g3 Qd4+ 41. Kg2 h5 42. b6 c4 43. b7 Qd3 44. Qf3 Qd6 45. Re8 Qd2+ 46.
Kh3 Qxd7+ 47. Kg2 Qxe8 48. Qf4 Be5 49. Qxc4 Qb8 50. Qf7+ Kh6 51. Qd7 Qc7 52. Qd2+ Kg7 53. Qd5 Bd6 54. Kh3 Be5 55. Kg2 Qc2+ 56. Kh3 Qf5+ 57.
Kg2 Qf6 58. Qd7+ Kh6 59. Qd2+ g5 60. Qd7 Qd6 61. Qxd6+ Bxd6 62. Kf3 Kg6 63. Ke4 Kf6 64. Kd5 Bb8 65. Kc6 Kf5 66. Kd7 Kg4 67. Kc8 Ba7 68. b8=Q Bxb8 69. Kxb8 Kh3 70. Kc7 Kxh2 71. g4 hxg4 0-1

[Event "*** Titled Tuesday Blitz"]
[Site "Chess.com"]
[Date "2021.02.09"]
[Round "7"]
[White "Nikolaj_6"]
[Black "verdest"]
[Result "0-1"]
[WhiteElo "2636"]
[BlackElo "2504"]
[TimeControl "180+1"]
[EndTime "11:20:02 PST"]
[Termination "verdest won by checkmate"]

1. e4 c5 2. Nf3 Nc6 3. d4 cxd4 4. Nxd4 e5 5. Nb5 d6 6. N1c3 a6 7. Na3 Be6 8. Nc4 Rb8 9. Ne3 Nf6 10. Bd3 Be7 11.
O-O O-O 12. a4 Nb4 13. Bc4 Rc8 14. Bb3 Qc7 15. Kh1 Rfd8 16. Qe2 d5 17. exd5 Nbxd5 18. Nexd5 Nxd5 19. Nxd5 Bxd5 20. Bxd5 Rxd5 21. c3 Qc4 22.
Qxc4 Rxc4 23. Be3 Rc8 24. Rfd1 Rcd8 25. Rxd5 Rxd5 26. Kg1 f5 27. g3 Kf7 28. Kf1 Ke6 29. Ke2 e4 30. h4 g6 31. Rf1 b5 32. axb5 axb5 33. Ra1 b4 34. Ra6+ Kf7 35. Ra7 Ke6 36. cxb4 Bxb4 37. Rxh7 Rd3 38. Rg7 Kf6 39. Rb7 Rb3 40.
Kd1 Rd3+ 41. Kc2 Bd6 42. b4 Ke6 43. b5 Bxg3 44. Rb6+ Kf7 45. Bg5 Be5 46. Rb7+ Ke6 47. b6 f4 48. Re7+ Kf5 49. b7 Rc3+ 50. Kd1 Rb3 51.
Kc2 Rb2+ 52. Kc1 Rb3 53. Kc2 Rb2+ 54. Kc1 Rb4 55. Kc2 e3 56. fxe3 f3 57. Kd3 Rb3+ 58. Kc4 Rb2 59. Rf7+ Ke4 60. Re7 f2 61. Rf7 Bg3 62. Kc3 Rb1 63. Kc2 f1=Q 64. Rxf1 Rxf1 65. Bf4 Rxf4 66. exf4 Bxf4 67. Kd1 Kf5 68. Ke1 Bb8 69. Kf1 Kg4 70. Kg2 Kxh4 71. Kh1 g5 72. Kg1 g4 73.
Kh1 Kh3 74. Kg1 g3 75. Kh1 g2+ 76. Kg1 Ba7# 0-1

[Event "*** Titled Tuesday Blitz"]
[Site "Chess.com"]
[Date "2021.02.09"]
[Round "7"]
[White "Taran2004"]
[Black "Sanyura"]
[Result "0-1"]
[WhiteElo "2465"]
[BlackElo "2650"]
[TimeControl "180+1"]
[EndTime "11:20:04 PST"]
[Termination "Sanyura won by resignation"]

1. Nf3 Nf6 2. g3 g6 3. Bg2 Bg7 4. O-O O-O 5. c4 d6 6. Nc3 Nbd7 7. d3 e5 8. b4 a5 9. bxa5 Rxa5 10. Bb2 Ra8 11.
Nd2 Nc5 12. Nde4 Nfxe4 13. Nxe4 Na4 14. Qb3 Nxb2 15. Qxb2 f5 16. Nc3 c6 17. Qb3 Kh8 18.
Rab1 Qa5 19. e4 f4 20. Qb4 Qxb4 21. Rxb4 f3 22. Bh1 Bh6 23. Rd1 Ra3 24. Rb3 Ra7 25. a3 Bh3 26. Nb1 Rf7 27. Nd2 Bg4 28. h3 Bxh3 29. Nxf3 Bg4 30. d4 Bxf3 31. Bxf3 Bg7 32.
d5 c5 33. Kg2 Ra4 34. Be2 Bf8 35.
Rdb1 Kg7 36. Rxb7 Rxa3 37. Rxf7+ Kxf7 38. Rb7+ Be7 39. Kf1 Rc3 40. f3 h5 41. Kf2 Kf6 42.
Rb6 g5 43. Rc6 h4 44. gxh4 gxh4 45. Bf1 Rc2+ 46. Kg1 Kg5 47. Rc7 Bf8 48. Rf7 Bh6 49. Rf5+ Kg6 50. Bg2 Be3+ 51. Kh2 Rxc4 52. Kh3 Bg5 53.
Kg4 Bf6 54. f4 Rc2 55. Bf3 exf4 56. Rxf4 Rc1 57. Rf5 Rg1+ 58. Kh3 Rg3+ 59. Kh2 Be5 60. Kh1 Rg5 61. Rf8 c4 62. Rg8+ Kf6 63. Rxg5 Kxg5 64.
Be2 c3 65. Bd3 Kf4 66. Kg2 Ke3 67. Bc2 Kd2 68. Bb3 c2 69. Bxc2 Kxc2 70. Kh3 Bg3 71.
e5 Bxe5 72. Kxh4 Kd3 73. Kg5 Ke4 0-1

[Event "*** Titled Tuesday Blitz"]
[Site "Chess.com"]
[Date "2021.02.09"]
[Round "7"]
[White "wannabe2700"]
[Black "francyIM"]
[Result "0-1"]
[WhiteElo "2750"]
[BlackElo "2583"]
[TimeControl "180+1"]
[EndTime "11:20:05 PST"]
[Termination "francyIM won by checkmate"]

1. e4 e5 2. Nf3 Nc6 3. Bb5 a6 4.
Ba4 d6 5. O-O g6 6. c3 Bg7 7. d4 Bd7 8. Re1 Nf6 9. Nbd2 O-O 10. Nf1 Qe7 11. Ng3 Rad8 12. Bd2 b5 13. Bc2 Bg4 14.
d5 Na5 15. b3 c6 16. c4 Qc7 17. Bd3 Nb7 18. Rc1 Nc5 19. Bc2 bxc4 20. bxc4 cxd5 21.
cxd5 Rb8 22. h3 Bxf3 23. Qxf3 Nfd7 24. h4 Qd8 25. h5 Qh4 26. Kf1 Rb2 27. Ke2 Rxa2 28.
Rh1 Qf6 29. Qc3 Rb8 30. Bb1 Ra4 31. Bc2 Rab4 32. Ra1 R4b7 33. Qe3 Qe7 34. hxg6 fxg6 35. f3 Qf8 36. Kf2 Nf6 37. Kg1 Rb2 38. Qc3 Qc8 39. Bc1 R2b7 40. Ne2 Rc7 41. Qd2 Nb3 42. Bxb3 Rxb3 43. Qd1 Rc2 44. Kh2 Qc4 45. Ng3 Rd3 46. Qf1 h5 47. Bg5 Nh7 48. Be7 Bf8 49. Bxf8 Nxf8 50.
Rb1 h4 51. Ne2 Rdd2 52. Ng1 Qxf1 53. Rxf1 Rxg2+ 54. Kh3 g5 55. Ne2 Rcxe2 56. Rfg1 Rxg1 57. Rxg1 Nh7 58. Kg4 Kg7 59. Kf5 Kf7 60. Rb1 Kg7 61. Rb7+ Kh6 62. Ke6 h3 63. Kxd6 h2 64. Rb1 g4 65. Rh1 Ng5 66. fxg4 Nxe4+ 67. Ke7 Ng3 68. Rxh2+ Rxh2 69. d6 Rd2 70. Kf6 e4 71. g5+ Kh7 72.
Ke5 e3 73. d7 e2 74. d8=Q Rxd8 75. Kf6 Kg8 76. g6 e1=Q 77. g7 Rd6+ 78. Kg5 Qe5+ 79.
Kg4 Qe4+ 80. Kh3 Rh6+ 81. Kxg3 Rg6+ 82. Kf2 Rg2+ 83. Kf1 Qe2# 0-1

[Event "*** Titled Tuesday Blitz"]
[Site "Chess.com"]
[Date "2021.02.09"]
[Round "7"]
[White "SilviusTiberius"]
[Black "PavelChernomordik"]
[Result "1-0"]
[WhiteElo "2509"]
[BlackElo "2378"]
[TimeControl "180+1"]
[EndTime "11:20:05 PST"]
[Termination "SilviusTiberius won by checkmate"]

1. e4 g6 2. d4 Bg7 3. Nc3 d6 4. Be3 a6 5. g4 b5 6. Bg2 Bb7 7. h4 h6 8. Nce2 Nf6 9. Ng3 Qc8 10.
g5 Ng4 11. Bc1 hxg5 12. hxg5 Rxh1 13. Nxh1 c5 14. Bh3 Bxe4 15. Bxg4 Qb7 16. Ng3 Bxd4 17. Nxe4 Qxe4+ 18. Kf1 Qb7 19. Bf3 Nc6 20. Ne2 Bg7 21. Qd5 Rc8 22. c3 Qd7 23. Bf4 Ne5 24. Bxe5 Bxe5 25. Qb7 a5 26. a4 b4 27. Rc1 Qxb7 28.
Bxb7 Rc7 29. Ba6 bxc3 30. Nxc3 Bf4 31. Rd1 Bxg5 32. Nd5 Ra7 33. Bb5+ Kf8 34. f4 Bh6 35.
Ke2 e6 36. Rh1 Bg7 37. Nb6 Bxb2 38. Nc8 Rc7 39. Nxd6 Ke7 40. Nc4 Bg7 41. Nxa5 e5 42. fxe5 Bxe5 43. Nc6+ Kf6 44. Rf1+ Ke6 45. Bc4+ Kd6 46.
Nxe5 Kxe5 47. Rxf7 Rc8 48. a5 Kd4 49. Rf4+ Kc3 50. a6 Rc7 51. Rg4 Kb4 52. Bd5+ Ka5 53. Rxg6 c4 54. Kd2 Rd7 55. Rg5 Kxa6 56. Kc3 Kb6 57.
Bxc4 Rh7 58. Kb4 Rh4 59. Rg6+ Kc7 60. Kc5 Rh5+ 61. Bd5 Kd7 62. Rg7+ Ke8 63. Kd6 Rh6+ 64. Be6 Rf6 65. Ra7 Kf8 66. Ke5 Rf1 67. Bf5 Ke8 68.
Kf6 Re1 69. Ra8# 1-0

[Event "*** Titled Tuesday Blitz"]
[Site "Chess.com"]
[Date "2021.02.09"]
[Round "7"]
[White "ChampStan"]
[Black "ZivkovicN"]
[Result "0-1"]
[WhiteElo "2227"]
[BlackElo "2461"]
[TimeControl "180+1"]
[EndTime "11:20:10 PST"]
[Termination "ZivkovicN won on time"]

1. d4 Nf6 2. c4 e6 3. Nc3 Bb4 4. Qc2 Nc6 5. Nf3 h6 6. e4 Bxc3+ 7. bxc3 d6 8. h3 e5 9. Be3 b6 10. g4 Bb7 11. Nd2 Nd7 12. f3 Qe7 13. Be2 h5 14. g5 h4 15. Qa4 Nd8 16. Rg1 Bc6 17. Qa3 Bb7 18. Rb1 Ne6 19. Rg4 c5 20. Nb3 Kd8 21. Na5 Kc8 22. Nxb7 Kxb7 23. Qa4 Rac8 24.
Rd1 Ka8 25. d5 Nef8 26. Qb5 Ng6 27. a4 Rc7 28. Ra1 Rb8 29. Kf2 Rcb7 30. Qc6 Qf8 31. a5 Rc8 32. Qb5 bxa5 33. Qxa5 Rcb8 34. Rgg1 Nb6 35. Rgb1 Qe7 36. Qa6 Rd8 37. Qb5 Kb8 38.
Qc6 Rc8 39. Qb5 Rcc7 40. Qa6 Nf4 41. Bxf4 exf4 42. Bf1 Qxg5 43. Bg2 Qe5 44. Rb3 f5 45. Rab1 fxe4 46. fxe4 f3 47. Bxf3 Qg3+ 48. Ke3 Qg5+ 49. Ke2 Qg3 50. Rf1 Qh2+ 51. Rf2 Qxh3 52. Qb5 Qg3 53.
Qe8+ Rc8 54. Qh5 Qe5 55. Qxh4 Nxc4 56. Rxb7+ Kxb7 57. Rg2 Qxc3 58. Qe7+ Rc7 59. Qg5 Qb2+ 60. Ke1 Qc3+ 61. Ke2 a5 62. Rg1 Ka7 63. Rb1 Na3 64. Qd8 Qc4+ 65. Kf2 Rb7 0-1

[Event "*** Titled Tuesday Blitz"]
[Site "Chess.com"]
[Date "2021.02.09"]
[Round "7"]
[White "c_r_e_e_p_e_r"]
[Black "tan275"]
[Result "0-1"]
[WhiteElo "2381"]
[BlackElo "2253"]
[TimeControl "180+1"]
[EndTime "11:20:10 PST"]
[Termination "tan275 won by checkmate"]

1. e4 c5 2. Nf3 g6 3. c3 Bg7 4.
d4 d5 5. dxc5 dxe4 6. Qxd8+ Kxd8 7.
Ng5 Ke8 8. Bb5+ Nc6 9. Nxe4 Nf6 10. Nbd2 Nxe4 11. Nxe4 f5 12. Ng3 Kf7 13. O-O e5 14. b4 Be6 15. Bb2 Rhd8 16. Rfd1 a6 17. Bxc6 bxc6 18. a3 Bb3 19. Rxd8 Rxd8 20. Nf1 e4 21. f3 Rd3 22. Kf2 Bxc3 23. Bxc3 Rxc3 24. fxe4 fxe4 25. Re1 Bd5 26. Re3 Rc2+ 27. Kg1 Ke6 28. h3 Ke5 29. Kh2 Kd4 30. Re1 Rc3 31. Ng3 Rxa3 32.
Ne2+ Kd3 33. Nf4+ Kd2 34. Re2+ Kd1 35. Rb2 e3 36. Ne2 Bc4 37. Nf4 e2 38. Rb1+ Kc2 39. Rg1 Kd2 40. Nxe2 Bxe2 41. Rb1 Bb5 42. Rb2+ Kc3 43.
Rf2 Kxb4 44. Rf7 Kxc5 45. Rxh7 Bd3 46. h4 Be4 47. Re7 Bd5 48. Kg1 a5 49. Kf2 Ra2+ 50. Ke3 Rxg2 51. Ra7 Rg3+ 52. Kf4 Rf3+ 53. Kg5 Rg3+ 54.
Kh6 Kb5 55. Ra8 a4 56. Rb8+ Kc4 57. Ra8 Kb4 58. Rb8+ Ka3 59. Ra8 Rg4 60. h5 gxh5 61. Kxh5 Rb4 62. Rf8 Kb3 63. Ra8 a3 64. Rg8 a2 65.
Rg3+ Ka4 66. Rg8 Rb1 67. Ra8+ Kb4 68. Rb8+ Kc3 69. Rf8 a1=Q 70. Rh8 Rh1+ 71. Kg5 Qb1 72. Kf4 Qf1+ 73. Ke3 Qf3# 0-1

[Event "*** Titled Tuesday Blitz"]
[Site "Chess.com"]
[Date "2021.02.09"]
[Round "7"]
[White "aa175"]
[Black "Dii210"]
[Result "1/2-1/2"]
[WhiteElo "2607"]
[BlackElo "2331"]
[TimeControl "180+1"]
[EndTime "11:20:11 PST"]
[Termination "Game drawn by agreement"]

1. d4 Nf6 2. Nf3 d5 3. Bf4 Bf5 4. e3 e6 5. c4 h6 6. Nc3 c6 7. Qb3 Qc8 8. Rc1 Nbd7 9. cxd5 exd5 10. Nb5 Be7 11. Nc7+ Kf8 12. Nxa8 Qxa8 13. Bd3 Bxd3 14. Qxd3 g6 15. Ne5 Qd8 16. f3 Kg7 17. Kf2 Nb6 18. h4 Nh5 19. Bg3 Qd6 20. f4 f5 21.
Bh2 Bxh4+ 22. g3 Be7 23. g4 fxg4 24. Rcg1 Bh4+ 25. Ke2 g3 26. Bxg3 Nxg3+ 27. Rxg3 Bxg3 28. Rg1 Nd7 29. Rxg3 Nxe5 30. dxe5 Qe6 31. Qd4 Rf8 32. Qxa7 Rf7 33. Qd4 h5 34. Rg5 h4 35. Qd1 h3 36.
Qg1 Rf5 37. Qg4 h2 38. Qh4 Rxg5 39. fxg5 Qxe5 40. Qh6+ Kf7 41. Qh7+ Ke6 42. Qxg6+ Kd7 43. Qh7+ Kd6 44. g6 Qg3 45. g7 Qg2+ 46. Kd3 h1=Q 47.
Qxh1 Qxh1 48. g8=Q Qe4+ 49. Kd2 Kc5 50. Qf8+ Kb6 51. Qd8+ Ka6 52. Qa8+ Kb6 53. Qa3 Qg2+ 54. Kd3 Qf1+ 55. Kd2 Qc4 56. b3 Qc5 57. Qxc5+ Kxc5 58. Kc3 Kb6 59. a4 Kc7 60. Kd4 Kd6 61. b4 Kc7 62. e4 dxe4 63. Kxe4 Kb6 64. Kd4 Kc7 65. Kc5 b6+ 66.
Kc4 c5 67. bxc5 bxc5 68. Kxc5 Kb7 69. Kb5 Ka7 70. Ka5 Kb7 71. Kb4 Ka7 72. Ka3 Kb6 73. Kb3 Ka7 74. Kc3 Kb6 75. Kc4 Ka7 76. Kc5 Ka6 77.
Kb4 Kb6 78. a5+ Ka6 79. Ka4 Ka7 80. Kb5 Kb7 81. a6+ Ka7 82. Ka5 Ka8 83. Kb6 Kb8 84.
Kb5 Ka8 85. Kb4 Ka7 1/2-1/2

[Event "*** Titled Tuesday Blitz"]
[Site "Chess.com"]
[Date "2021.02.09"]
[Round "7"]
[White "Alex-11211"]
[Black "klimkoj"]
[Result "1-0"]
[WhiteElo "2430"]
[BlackElo "2546"]
[TimeControl "180+1"]
[EndTime "11:20:20 PST"]
[Termination "Alex-11211 won on time"]

1. e4 c5 2. Nf3 d6 3. Bb5+ Nd7 4.
O-O Nf6 5. Re1 a6 6. Bd3 e6 7. c3 b5 8. a4 c4 9. Bc2 Bb7 10.
axb5 axb5 11. Rxa8 Qxa8 12. Na3 Bc6 13. Nd4 Qb7 14. Nxc6 Qxc6 15. d3 Be7 16. dxc4 bxc4 17. Ba4 Qc7 18. Qd4 O-O 19. Bxd7 Nxd7 20. Qxc4 Qb7 21.
Qb5 Qc7 22. Qe2 Rb8 23. h3 Qc6 24. Qc4 Qb7 25. b4 Ne5 26. Qe2 Rc8 27. Bd2 Bf6 28.
Kh1 Ra8 29. Nb5 Qc6 30. Nd4 Qc7 31. Rc1 Nc4 32. Be1 g6 33. Nf3 Qc6 34. Qd3 Rc8 35.
Rd1 Be7 36. Nd4 Qc7 37. Nc2 Nb2 38. Qd2 Nxd1 39. Qxd1 Bf6 40. Nd4 Qc4 41. Kh2 Be5+ 42. g3 Bxd4 43. cxd4 d5 44. e5 Qa2 45. Bd2 Qb2 46.
Be3 Qxb4 47. h4 Qc4 48. Qf3 Qc2 49. h5 Qf5 50. Qxf5 gxf5 51. Kh3 Kg7 52. Kh4 Ra8 53. Kg5 Ra1 54. h6+ Kg8 55. Kf6 Rh1 56. Ke7 Rb1 57. Kf6 Kf8 58. Bf4 Rh1 59. Be3 Rh2 60. Kg5 Ke7 61. g4 Rh1 62. gxf5 exf5 63. Kxf5 Rh5+ 64. Bg5+ Kf8 65. Kf6 Rh1 66. Be3 Re1 67. e6 fxe6 68. Kxe6 Rh1 69. Kxd5 Kf7 70. Kd6 Rh5 71. d5 Rf5 72. Kc6 Ke7 73. d6+ Kd8 74. Bb6+ 1-0

[Event "*** Titled Tuesday Blitz"]
[Site "Chess.com"]
[Date "2021.02.09"]
[Round "7"]
[White "hansen"]
[Black "nrvisakh"]
[Result "1/2-1/2"]
[WhiteElo "2943"]
[BlackElo "2761"]
[TimeControl "180+1"]
[EndTime "11:20:21 PST"]
[Termination "Game drawn by agreement"]

1. e4 c5 2. Nf3 Nc6 3. Bb5 g6 4.
Bxc6 dxc6 5. h3 Bg7 6. O-O Nf6 7. d3 O-O 8. Nc3 b6 9. Be3 Ne8 10. Qd2 e5 11. Bh6 f6 12. Nh2 Nc7 13. Bxg7 Kxg7 14. Ne2 Ne6 15. b3 a5 16. f4 exf4 17. Nxf4 Nxf4 18. Qxf4 Be6 19. Nf3 a4 20. Rae1 axb3 21. axb3 h6 22. Qg3 Kh7 23. Rf2 Qe7 24. Ref1 Rae8 25.
Nh4 Qg7 26. Qd6 f5 27. Qxc6 Qd4 28. Kh1 Qd8 29. Nxg6 Rf6 30. Ne5 Bc8 31. Qa8 Rxe5 32. exf5 Re8 33. Qa7+ Qe7 34. Qa4 Ref8 35. g4 Bb7+ 36.
Kh2 Qe5+ 37. Qf4 Re8 38. Qxe5 Rxe5 39. Rf4 b5 40. b4 cxb4 41. Rxb4 Rc6 42. Rf2 Rec5 43.
Kg3 Kg7 44. Rd4 Rc7 45. Re2 Bd5 46. h4 Bf7 47. Rb4 h5 48. d4 Rc3+ 49. Kf4 hxg4 50. Rxb5 R3c4 51. Rd2 Rd7 52. Kxg4 Rdxd4+ 53. Rxd4 Rxd4+ 54. Kg5 Rd2 55. f6+ Kh7 56. Rb7 Rg2+ 57. Kf5 Kg8 58. Rb8+ Kh7 59. Rb7 Rf2+ 60. Kg5 Kg8 61.
h5 Bxh5 62. Rg7+ Kf8 63. Kxh5 Rxf6 64. Rc7 Ke8 65. Kg5 Rf2 66. Kg4 Kd8 67. Rc4 Kd7 68. Kg3 Rf8 69. Rf4 Rxf4 70. Kxf4 Kd6 71. Ke3 Kc5 72.
Kd3 Kd5 73. Kc3 Kc5 74. Kb2 Kb4 75. Ka2 Kc3 76. Kb1 Kc4 77. Kb2 Kb4 78. Kc1 Kc3 79.
Kd1 Kc4 80. Kd2 Kd4 1/2-1/2

[Event "*** Titled Tuesday Blitz"]
[Site "Chess.com"]
[Date "2021.02.09"]
[Round "7"]
[White "MrTattaglia"]
[Black "Sibelephant"]
[Result "0-1"]
[WhiteElo "2795"]
[BlackElo "3028"]
[TimeControl "180+1"]
[EndTime "11:20:23 PST"]
[Termination "Sibelephant won by resignation"]

1. Nf3 d5 2. c4 d4 3. b4 Bg4 4.
Na3 Bxf3 5. exf3 e5 6. Nc2 Nf6 7. g3 d3 8. Ne3 Bxb4 9. Qb3 Nc6 10. Bxd3 O-O 11. Bb2 Re8 12. O-O Bc5 13. Nd5 Nd4 14.
Bxd4 Bxd4 15. Rab1 b6 16. Nxf6+ Qxf6 17. Be4 Rad8 18.
Qa4 a5 19. Kg2 g6 20. Bd5 Kg7 21. Rbe1 Qd6 22. Re2 Qc5 23. Rb1 Re7 24. d3 Qd6 25. h4 h5 26. Rbe1 Qb4 27. Qc2 Qc5 28. f4 Rde8 29. f5 gxf5 30. Qc1 Qd6 31. Bf3 Qg6 32. Qd1 Rh8 33. Bd5 c6 34. Bf3 Rh6 35. Kh2 Qf6 36.
Qa4 f4 37. Be4 Re8 38. Rg1 Kh8 39. Kh3 Rg8 40. Qd1 Qe6+ 41. Kh2 f5 42. Bf3 Qf6 43.
Kh3 fxg3 44. Rxg3 f4 45. Rxg8+ Kxg8 46. Be4 Qe6+ 47. Kh2 Qg4 48. Qg1 Kf7 49. Qf1 Qxh4+ 50. Qh3 Bxf2 51. Qxh4 Bxh4 52. Kh3 Be7 53. Rg2 h4 54.
Kg4 h3 55. Rh2 Rh4+ 56. Kf5 Rh5+ 57. Kg4 Rg5+ 58. Kh4 Rg3+ 59. Kh5 Ke6 60. a4 c5 61. Rb2 Bd8 62. Rh2 Kd6 63. Rf2 Ke6 64. Rh2 Kd6 65. Rf2 Rg5+ 66. Kh6 Rg4 67. Rh2 Rg3 68. Kh5 Bg5 69.
Bf5 f3 70. Rxh3 f2 71. Rxg3 f1=Q 72. Rxg5 Qd1+ 73. Kg6 Qxa4 74. Kf7 e4 75. Bxe4 Qd7+ 76. Kg6 Qe6+ 77. Kh5 Qh3+ 78. Kg6 a4 79. Rd5+ Kc7 80. Rh5 Qxh5+ 81. Kxh5 a3 82. d4 a2 83. d5 0-1